 Dungeon Crawl Stone Soup version 0.29.1-2-gbd0b4ee654 (webtiles) character file.

Game seed: 16688588771466981718

412 GorkyZ the Magician (level 6, -14/32 HPs)
             Began as a Deep Elf Air Elementalist on Nov 24, 2022.
             Was an Initiate of Gozag.
             Demolished by an ogre
             ... wielding a +0 giant club
              (30 damage)
             ... on level 5 of the Dungeon.
             The game lasted 00:11:16 (4176 turns).

GorkyZ the Magician (Deep Elf Air Elementalist)     Turns: 4176, Time: 00:11:16

Health: -14/32     AC:  5    Str:  5    XL:     6   Next: 59%
Magic:  15/24      EV: 13    Int: 22    God:    Gozag
Gold:   267        SH:  0    Dex: 11    Spells: 5/15 levels left

rFire   + + .      SeeInvis +   u - +0 short sword (drain)
rCold   . . .      Faith    .   (no shield)
rNeg    . . .      Spirit   .   s - +1 robe of the Moon {rF++ Regen+ Dex-4 SInv}
rPois   .          Reflect  .   h - +1 helmet
rElec   .          Harm     .   (no cloak)
rCorr   .          Rampage  .   (no gloves)
Will    .....                   (no boots)
Stlth   ++........              (no amulet)
HPRegen 0.90/turn               p - ring of magical power
MPRegen 0.19/turn               (no ring)

@: no status effects
A: no striking features
a: Renounce Religion, Potion Petition, Call Merchant, Bribe Branch


You were on level 5 of the Dungeon.
You worshipped Gozag.
Gozag was aware of your devotion.
You visited 1 branch of the dungeon, and saw 5 of its levels.

You collected 297 gold pieces.
You paid 30 gold pieces to Gozag.

Inventory:

Hand Weapons
 d - a +0 short sword
 u - a +0 short sword of draining (weapon)
Armour
 a - a +0 robe
 h - a +1 helmet (worn)
 s - the +1 robe of the Moon (worn) {rF++ Regen+ Dex-4 SInv}
   (You found it on level 2 of the Dungeon)

   Dex:       It affects your dexterity (-4).
   rF:        It greatly protects you from fire.
   SInv:      It lets you see invisible.
   Regen:     It increases your rate of health regeneration.
Magical Staves
 g - a staff of earth
 w - a staff of death
Jewellery
 j - an amulet of faith
 o - a ring of fire
 p - a ring of magical power (left hand)
Wands
 n - a wand of paralysis (11)
Scrolls
 c - 2 scrolls of vulnerability
 e - 3 scrolls of teleportation {unknown}
 i - 3 scrolls of identify
 m - a scroll of immolation
 t - a scroll of enchant armour
 v - a scroll of magic mapping
Potions
 b - a potion of magic
 f - 3 potions of flight
 k - a potion of mutation {unknown}
 l - a potion of haste {unknown}
 q - a potion of curing {unknown}
 r - a potion of might {unknown}
 x - a potion of degeneration {unknown}


   Skills:
 + Level 1.5 Staves
 + Level 4.6 Dodging
 - Level 2.7 Stealth
 + Level 5.1 Spellcasting
 + Level 3.5 Conjurations
 + Level 0.1 Necromancy
 + Level 4.3 Air Magic
 + Level 0.0 Earth Magic


You had 5 spell levels left.
You knew the following spells:

 Your Spells              Type           Power      Damage    Failure   Level
a - Shock                 Conj/Air       92%        1d8       1%          1
b - Static Discharge      Conj/Air       23%        3-6/arc   3%          2
c - Swiftness             Air            24%        N/A       4%          3
d - Airstrike             Air            12%        2d(2-18)  17%         4

Your spell library contained the following spells:

 Spells                   Type           Power      Damage    Failure   Level
 Sandblast                Erth           10%        2d5       10%         1
 Stone Arrow              Conj/Erth      26%        3d8       14%         3
 Passwall                 Tmut/Erth      4%         N/A       16%         2


Dungeon Overview and Level Annotations

Branches:
Dungeon (5/15)             Temple (0/1) D:5

Altars:
Ashenzari
Fedhas
Gozag
Uskayaw


Message History

The zap misses the adder.
The adder hisses angrily.
You miscast Shock.
You are very lightly contaminated with residual magic.
Nothing appears to happen.
The zap hits the adder.
The adder is heavily wounded.
The zap hits the adder.
The adder is severely wounded.
The zap hits the adder.
The adder is almost dead.
The zap hits the adder.
You kill the adder!
A worm comes into view.
The zap hits the worm!
The worm is moderately wounded.
An ogre comes into view. It is wielding a +0 giant club.
Your magical contamination has completely faded away.
The zap hits the ogre.
The ogre is moderately wounded.
The zap hits the worm.
The worm is heavily wounded.
The zap hits the ogre!
The ogre is heavily wounded.
The zap misses the ogre.
The zap hits the ogre!
The ogre is severely wounded.
The ogre hits you with a +0 giant club!
Ouch! That really hurt!
You are too injured to fight recklessly!
You are too injured to fight recklessly!
Aiming: Shock (safe; 1% risk of failure)
Press: ? - help, Q - select action, (/) - cycle Shift-Dir - straight line, f/p - ogre
Aim: an ogre, wielding a +0 giant club (severely wounded, 88% to hit)
The zap hits the ogre.
The ogre is severely wounded.
The ogre hits you with a +0 giant club!!
Ouch! That really hurt!
You die...
Your body crumbles into a pile of gold.

### #<# #.# #.# #.#
######################.##
........................#
...............O@.......#
........................#########
..##..................#.........
. #..................#.........
...##..................#.........
..(w$..................#.........
w.......##...#######.............
........##...#######.............
........##...#...................


You could see an ogre.

Vanquished Creatures
  A black bear (D:5)
  2 scorpions
  A necrophage (D:5)
  An iguana (D:4)
  8 adders
  2 dart slugs
  6 endoplasms
  A giant cockroach (D:3)
  5 goblins
  3 hobgoblins
  4 jackals (D:1)
  2 quokkas
  5 ball pythons
  3 bats
  3 frilled lizards
  3 kobolds (D:1)
  2 rats (D:1)
  A butterfly (D:5)
53 creatures vanquished.

Notes
Turn   | Place    | Note
-------+----------+-------------------------------------------
     0 | D:1      | GorkyZ the Deep Elf Air Elementalist began the quest for
                  | the Orb.
     0 | D:1      | Reached XP level 1. HP: 10/10 MP: 6/6
   229 | D:1      | Reached XP level 2. HP: 11/15 MP: 0/8
  1359 | D:2      | Reached XP level 3. HP: 19/19 MP: 3/9
  1576 | D:2      | Identified the +1 robe of the Moon {rF++ Regen+ Dex-4 SInv}
  2512 | D:3      | Found an opulent altar of Gozag.
  2532 | D:3      | Found a hide-covered altar of Uskayaw.
  2537 | D:3      | Became a worshipper of Gozag Ym Sagoz the Greedy
  2571 | D:3      | Found a blossoming altar of Fedhas.
  2575 | D:3      | Learned a level 2 spell: Static Discharge
  2579 | D:3      | Learned a level 3 spell: Swiftness
  2634 | D:3      | Found a broken altar of Ashenzari.
  2745 | D:3      | Reached XP level 4. HP: 24/24 MP: 11/11
  3186 | D:4      | Reached skill level 4 in Spellcasting
  3195 | D:4      | Noticed a scorpion
  3204 | D:4      | Killed a scorpion
  3205 | D:4      | Reached XP level 5. HP: 23/28 MP: 13/13
  3863 | D:4      | Learned a level 4 spell: Airstrike
  3864 | D:5      | Entered Level 5 of the Dungeon
  3864 | D:5      | Found a staircase to the Ecumenical Temple.
  3902 | D:5      | Reached skill level 1 in Staves
  3902 | D:5      | Reached XP level 6. HP: 32/32 MP: 10/15
  4097 | D:5      | Reached skill level 5 in Spellcasting
  4176 | D:5      | Demolished by an ogre

Illustrated notes

Levels and vault maps discovered:
D:1:      dpeg_arrival_fog, layout_loops_ring
D:2:      layout_loops_ring
D:3:      layout_loops_ring, old_standard_altar, lemuel_tele_altar,
          grunt_temple_overflow_open
D:4:      layout_basic, kennysheep_minor_cross
D:5:      layout_basic, tgw_sif, trog_butcher_becter,
          minmay_temple_entry_butterflies, cheibrodos_sewer_entry_sluice

Skill      XL: |  1  2  3  4  5  6 |
---------------+-------------------+-----
Dodging        | 3 4 |  4.6
Conjurations   | 2 3 |  3.5
Spellcasting   | 4 5 |  5.1
Air Magic      | 4 |  4.3
Staves         | 1 |  1.5
Stealth        | |  2.7
Necromancy     | |  0.1

Action                   |  1- 3 |  4- 6 || total
-------------------------+-------+-------++-------
Melee: Short sword       |    20 |       ||    20
 Cast: Shock             |    79 |    69 ||   148
  Use: Scroll            |       |     7 ||     7
Armor: Robe              |    11 |     4 ||    15
Dodge: Dodged            |    37 |     4 ||    41
